 Dungeon Crawl Stone Soup version 0.30-a0-242-g7bf8e6d787 (webtiles) character file.

Game seed: 10785749133003259695

16 Hubris850 the Cudgeller (level 2, -7/22 HPs)
             Began as a Demonspawn Gladiator on Oct 11, 2022.
             Mangled by an iron imp (9 damage)
             ... summoned by Natasha
             ... on level 2 of the Dungeon.
             The game lasted 00:02:16 (1034 turns).

Hubris850 the Cudgeller (Demonspawn Gladiator)      Turns: 1034, Time: 00:02:17

Health: -7/22      AC:  4    Str: 14    XL:     2   Next: 41%
Magic:  2/2        EV: 11    Int:  9    God:
Gold:   81         SH:  9    Dex: 14    Spells: 1/1 levels left

rFire   . . .      SeeInvis .    a - +0 flail
rCold   . . .      Faith    .    j - +2 buckler
rNeg    . . .      Spirit   .    b - +0 leather armour
rPois   .          Reflect  .    c - +0 helmet
rElec   .          Harm     .    (no cloak)
rCorr   .          Rampage  .    (no gloves)
Will    .....                    (no boots)
Stlth   +.........               i - amulet of the acrobat
HPRegen 0.23/turn                (no ring)
MPRegen 0.08/turn                (no ring)

@: slowed, very slow
A: condensation shield
a: no special abilities


You were on level 2 of the Dungeon.
You visited 1 branch of the dungeon, and saw 2 of its levels.

You collected 81 gold pieces.

Inventory:

Hand Weapons
 a - a +0 flail (weapon)
Missiles
 e - a javelin (quivered)
Armour
 b - a +0 leather armour (worn)
 c - a +0 helmet (worn)
 j - a +2 buckler (worn)
Jewellery
 i - an amulet of the acrobat (around neck)
Scrolls
 f - a scroll of enchant weapon {unknown}
 h - a scroll of fog {unknown}
Potions
 g - a potion of heal wounds {unknown}


   Skills:
 + Level 2.2 Fighting
 + Level 2.9 Maces & Flails
 + Level 2.0 Throwing
 + Level 0.6 Armour
 - Level 2.6 Dodging
 + Level 0.1 Shields


You had one spell level left.
You didn't know any spells.
Your spell library was empty.

Dungeon Overview and Level Annotations

Branches:
Dungeon (2/15)

Altars:

Annotations:
D:2 Natasha


Innate Abilities, Weirdness & Mutations

A meltable shield of frost defends you. (SH +4)


Message History

You feel yourself slow down.
Natasha struggles against the net.
You block the crimson imp's attack. The shadow imp closely misses you.
You sock Natasha!
Natasha is severely wounded.
You block the crimson imp's attack.
Natasha struggles against the net.
The shadow imp barely misses you.
Natasha struggles against the net.
The net rips apart, and Natasha comes free!
The crimson imp hits you but does no damage.
You block the shadow imp's attack.
You hit Natasha but do no damage.
Natasha is severely wounded.
Natasha closely misses you. You block the crimson imp's attack.
You block the shadow imp's attack. Natasha claws you but does no damage.
The crimson imp closely misses you. The shadow imp hits you.
You barely miss Natasha.
Natasha is severely wounded.
You block Natasha's attack. The crimson imp barely misses you.
The shadow imp hits you but does no damage.
You block Natasha's attack.
You closely miss Natasha.
Natasha is severely wounded.
The crimson imp blinks!
You block the shadow imp's attack.
Natasha mumbles some strange words.
The crimson imp laughs crazily.
You block the shadow imp's attack. You block Natasha's attack.
You hit Natasha but do no damage.
Natasha is severely wounded.
You block the crimson imp's attack.
The shadow imp shouts, "Go and return not, thou euchred saucy clam!"
The shadow imp closely misses you. You block Natasha's attack.
The shadow imp hits you.
The crimson imp blinks!
The iron imp misses you. Natasha claws you. The shadow imp barely misses you.
You hit Natasha.
Natasha is severely wounded.
You block Natasha's attack. The iron imp hits you!
* * * LOW HITPOINT WARNING * * *
The shadow imp hits you.
* * * LOW HITPOINT WARNING * * *
Natasha claws you but does no damage. The iron imp hits you!
You die...

............ ..
............. ...
............ ....
...........# .....
....# #....##?.....
.....##...(.....>..
...................
......5.h.####.....
.......@...........
......ยง5..####.....
........#.... ..
...........### .
....####5.... ....
...### #.# ..... ..
#....


You could see an iron imp (summoned), Natasha, a crimson imp (summoned) and a
shadow imp (summoned).

Vanquished Creatures
  3 bats (D:1)
  2 endoplasms (D:1)
  3 giant cockroaches (D:1)
  2 kobolds (D:1)
  A ball python (D:1)
  3 frilled lizards (D:1)
  2 rats (D:1)
16 creatures vanquished.

Notes
Turn   | Place    | Note
-------+----------+-------------------------------------------
     0 | D:1      | Hubris850 the Demonspawn Gladiator began the quest for the
                  | Orb.
     0 | D:1      | Reached XP level 1. HP: 16/16 MP: 1/1
   340 | D:1      | Gained mutation: A meltable shield of frost defends you.
                  | (SH +4) [demonic ancestry]
   340 | D:1      | Reached XP level 2. HP: 22/22 MP: 2/2
  1015 | D:2      | Noticed Natasha
  1024 | D:2      | Noticed a crimson imp
  1034 | D:2      | Mangled by an iron imp

Illustrated notes

Levels and vault maps discovered:
D:1:      minmay_arrival_loop, layout_loops_corners, minmay_misc_feat_cross
D:2:      layout_basic, serial_shops, shop_statue, uniq_sigmund, uniq_natasha

Skill      XL: |  1 |
---------------+----+-----
Throwing       | 2 |  2.0
Fighting       | |  2.2
Maces & Flails | |  2.9
Armour         | |  0.6
Dodging        | |  2.6
Shields        | |  0.1

Action                   || total
-------------------------++-------
Melee: Flail             ||    45
Throw: Throwing net      ||     3
Armor: Leather armour    ||    18
Dodge: Dodged            ||    33
Block: Buckler           ||    22
       Other             ||     1

Table legend: (Time is in decaauts)
 A = Elapsed time spent in this place.
 B = Non-inter-level travel time spent in this place.
 C = Inter-level travel time spent in this place.
 D = Time resting spent in this place.
 E = Time spent auto-exploring this place.
 F = Levels seen in this place.
 G = Mean time per level.
                   A        B        C        D        E       F      G
               +--------+--------+--------+--------+--------+-----+--------+
         Total |   1049 |    997 |     52 |      0 |    860 |   2 |  524.5 |
       Dungeon |   1049 |    997 |     52 |      0 |    860 |   2 |  524.5 |
               +--------+--------+--------+--------+--------+-----+--------+

Top non-repeatable levels by time:
     D:1: 1021 daAuts
     D:2: 27 daAuts
